 Dungeon Crawl Stone Soup version 0.24.0-125-gc4c63601f3 (webtiles) character file.

Game seed: 2358178601863432686, levelgen mode: deterministic

3537 straycat the Protected (level 9, 0/68 HPs)
             Began as a Vampire Fighter on Mar 10, 2020.
             Was a Priest of Hepliaklqana.
             Slain by a big kobold
             ... wielding a +2 short sword of electrocution
              (20 damage)
             ... on level 7 of the Dungeon.
             The game lasted 00:33:12 (5514 turns).

straycat the Protected (Vampire Fighter)            Turns: 5514, Time: 00:33:13

Health: 0/68       AC: 20    Str: 18    XL:     9   Next: 82%
Magic:  9/9        EV:  3    Int: 13    God:    Hepliaklqana [***...]
Gold:   470        SH:  9    Dex: 13    Spells: 8/8 levels left

rFire    . . .     SeeInvis +   a - +2 hand axe (chop)
rCold    . . .     Gourm    .   b - +0 shield
rNeg     . . .     Faith    .   g - +0 plate armour
rPois    .         Spirit   .   (no helmet)
rElec    .         Reflect  .   m - +1 cloak
rCorr    .         Harm     .   C - +0 pair of gloves
MR       .....                  (no boots)
Stlth    ..........             (no amulet)
HPRegen  0.41/turn              j - +2 ring of protection
MPRegen  0.11/turn              q - +2 ring of intelligence

@: regenerating quickly
A: no food, reduced essence, fangs 3, see invisible, unbreathing
a: Exsanguinate, Recall Ancestor, Ancestor Identity, Transference, Renounce
Religion


You were on level 7 of the Dungeon.
You worshipped Hepliaklqana.
Hepliaklqana was most pleased with you.
You were alive.

You visited 1 branch of the dungeon, and saw 7 of its levels.

You collected 470 gold pieces.

Inventory:

Hand Weapons
 a - a +2 hand axe of chopping (weapon)
 c - a +0 falchion
 l - a +0 spear
 o - a +0 shortbow
 w - a +3 dagger
 L - a +2 trident of venom
Missiles
 i - 5 silver boomerangs
 n - 6 boomerangs
 p - 44 arrows
 u - 27 bolts
 B - 11 poisoned darts (quivered)
 E - 4 curare-tipped darts
Armour
 b - a +0 shield (worn)
 e - a +0 scale mail
 f - a +0 chain mail
 g - a +0 plate armour (worn)
 m - a +1 cloak (worn)
 C - a +0 pair of gloves (worn)
 G - the +1 robe of Minor Irritation {rCorr}
   (You found it on level 5 of the Dungeon)

   It provides partial protection from all sources of acid and corrosion.
Jewellery
 j - a +2 ring of protection (left hand)
 q - a +2 ring of intelligence (right hand)
 r - an uncursed ring of flight
 F - an uncursed ring of wizardry
Wands
 y - a wand of enslavement (2)
 J - a wand of acid (9)
Scrolls
 h - 3 scrolls of remove curse
 s - 2 scrolls of teleportation
 I - 2 scrolls of identify
Potions
 d - 2 potions of flight
 k - a potion of heal wounds {unknown}
 t - 2 potions of brilliance
 v - 2 potions of magic
 x - 2 potions of mutation {unknown}
 z - a potion of cancellation {unknown}
 D - a potion of lignification {unknown}
 H - a potion of berserk rage
 K - a potion of ambrosia {unknown}


   Skills:
 - Level 9.0 Fighting
 + Level 9.3 Armour
 - Level 2.6 Shields
 - Level 2.1 Unarmed Combat


You had 8 spell levels left.
You didn't know any spells.
Your spell library contained the following spells:

 Spells                   Type           Power        Failure   Level  Hunger
 Freeze                   Ice            #...         100%        1    N/A
 Throw Frost              Conj/Ice       #.....       100%        2    N/A
 Ozocubu's Armour         Chrm/Ice       #.......     100%        3    N/A
 Summon Ice Beast         Ice/Summ       #.......     100%        4    N/A
 Throw Icicle             Conj/Ice       #.......     100%        4    N/A

Dungeon Overview and Level Annotations

Branches:
Dungeon (7/15)             Temple (0/1) D:5

Altars:
Ashenzari
Gozag
Hepliaklqana
Yredelemnul
The Shining One


Innate Abilities, Weirdness & Mutations

You do not eat.
Your natural rate of healing is unusually fast.
You have razor-sharp teeth.
You have supernaturally acute eyesight. (SInv)
You can survive without breathing.
Your life essence is reduced to manifest your ancestor. (-10% HP)


Message History

You swap places.
You see here a stone.
You swap places.
You start resting.
Ancestor HP restored.
You start resting.
The big kobold is no longer charmed.
The big kobold hits you but does no damage.
Your plate armour prevents you from hitting the big kobold.
The big kobold is moderately wounded.
The big kobold hits you but does no damage.
You are electrocuted!
* * * LOW HITPOINT WARNING * * *
Seras points at the big kobold and mumbles some strange words.
The stone arrow hits the big kobold!
You barely miss the big kobold.
The big kobold is severely wounded.
The big kobold hits you but does no damage.
You are electrocuted!!
You die...

###### #....#
###############....#
#...................
#..#.##############.
###..#.# #.......##.
#....#'## #.......#..
#.#..@R)####.......#..
#.#.)(K.'..'.......'..
#.#..)..####.......#..
#.......)..R.......#..
####'###...........###
#)# #.............#
#.###.............#
#>..'.........._...
#)###.....###.....#


You could see the friendly Seras the battlemage and a big kobold.

Vanquished Creatures
  An orc warrior (D:7)
  3 big kobolds (D:7)
  2 bullfrogs (D:7)
  A wyvern zombie (D:6)
  A hound (D:7)
  2 jellies
  An orc priest (D:6)
  A bullfrog skeleton (D:6)
  An orc wizard (D:7)
  Jessica (D:2)
  Terence (D:2)
  3 worker ants
  4 adders
  2 worms (D:2)
  4 dart slugs
  A leopard gecko (D:4)
  16 orcs
  6 bats
  7 giant cockroaches
  5 hobgoblins
  9 jackals
  2 quokkas
  3 frilled lizards
  5 goblins
  7 kobolds
  A leopard gecko zombie (D:6)
  13 rats
103 creatures vanquished.

Vanquished Creatures (collateral kills)
  The ghost of laxxamousse2 the Grappler, a novice TrTm of Okawaru (D:7)
  The ghost of LifeIsToil the Skirmisher, a novice MfSk (D:4)
  A hippogriff (D:7)
  Eustachio (D:4)
  2 ice beasts
  An orc warrior (D:6)
  2 sky beasts (D:7)
  A centaur (D:7)
  2 ogres
  7 big kobolds (D:7)
  A bullfrog (D:6)
  A crimson imp (D:5)
  2 hounds
  5 orc wizards
  An iguana (D:5)
  A worker ant (D:7)
  A hound zombie (D:5)
  An adder (D:5)
  2 worms (D:4)
  3 leopard geckos
  12 orcs
  2 giant cockroaches
  2 jackals
  A quokka (D:2)
  A quokka zombie (D:5)
  4 rats
59 creatures vanquished.

Vanquished Creatures (others)
  3 battlemagi
  3 ancestors (D:2)
6 creatures vanquished.

Grand Total: 168 creatures vanquished

Notes
Turn   | Place    | Note
-------+----------+-------------------------------------------
     0 | D:1      | straycat the Vampire Fighter began the quest for the Orb.
     0 | D:1      | Reached XP level 1. HP: 17/17 MP: 1/1
   149 | D:1      | Reached XP level 2. HP: 24/24 MP: 2/2
   353 | D:1      | Reached XP level 3. HP: 27/30 MP: 3/3
   686 | D:2      | Found a hazy altar of Hepliaklqana.
   689 | D:2      | Became a worshipper of Hepliaklqana the Forgotten
   894 | D:2      | Found an opulent altar of Gozag.
  1226 | D:2      | Noticed Jessica
  1243 | D:2      | Killed Jessica
  1243 | D:2      | Reached XP level 4. HP: 25/34 MP: 4/4
  1247 | D:2      | Noticed Terence
  1403 | D:2      | Killed Terence
  1403 | D:2      | Reached skill level 5 in Fighting
  1430 | D:3      | Found a faded altar of an unknown god.
  1586 | D:3      | Found a basalt altar of Yredelemnul.
  1595 | D:3      | Reached * piety under Hepliaklqana
  1627 | D:3      | Reached XP level 5. HP: 39/39 MP: 5/5
  2388 | D:4      | Noticed Eustachio
  2433 | D:4      | Killed Eustachio
  2433 | D:4      | Reached XP level 6. HP: 27/47 MP: 6/6
  2549 | D:4      | Found a runed translucent door.
  2552 | D:4      | Noticed LifeIsToil's ghost (novice MfSk)
  2573 | D:4      | Killed LifeIsToil's ghost
  2573 | D:4      | Reached XP level 7. HP: 51/54 MP: 7/7
  2794 | D:4      | Reached ** piety under Hepliaklqana
  2795 | D:4      | Remembered your ancestor Seras as a battlemage
  3092 | D:5      | Entered Level 5 of the Dungeon
  3299 | D:5      | Got a colourful robe
  3445 | D:5      | Found a staircase to the Ecumenical Temple.
  3646 | D:5      | Identified the cursed +1 robe of Minor Irritation {rCorr}
                  | (You found it on level 5 of the Dungeon)
  3773 | D:6      | Reached XP level 8. HP: 61/63 MP: 8/8
  4077 | D:6      | Found an opulent altar of Gozag.
  4224 | D:6      | Found a glowing golden altar of the Shining One.
  4502 | D:6      | Reached *** piety under Hepliaklqana
  4637 | D:7      | Reached skill level 5 in Armour
  4668 | D:7      | HP: 2/63 [orc wizard/magic dart (7)]
  4868 | D:7      | Noticed a hippogriff
  4874 | D:7      | Killed a hippogriff
  4916 | D:7      | Reached XP level 9. HP: 41/68 MP: 9/9
  5262 | D:7      | Found a shattered altar of Ashenzari.
  5362 | D:7      | Found a runed translucent gate.
  5363 | D:7      | Found a runed translucent gate.
  5363 | D:7      | Found a runed translucent gate.
  5366 | D:7      | Noticed laxxamousse2's ghost (novice TrTm)
  5487 | D:7      | Killed laxxamousse2's ghost
  5514 | D:7      | Slain by a big kobold

Levels and vault maps discovered:
D:1:      dpeg_arrival_shrine, layout_rooms
D:2:      layout_loops_ring, lemuel_crystal_altar, overflow_temple_1_default,
          minmay_rat_gold_closets, uniq_jessica, uniq_terence
D:3:      layout_loops_ring, overflow_temple_1_default,
          chequers_ecumenical_altar_island, hex_medium, due_unseen_surprise
D:4:      layout_cave_pods, gup_sewer_entry_bubbles, first_ration,
          hellmonk_ghost_happy_afterlife, uniq_eustachio
D:5:      layout_cave_pools, minmay_temple_entry_enclosed_plants
D:6:      layout_loops_ring, tso_oasis_becter, grunt_ministairs_10,
          grunt_gozag_statues
D:7:      layout_basic, basic_altar, gammafunk_ghost_nasty_kobolds

Skill      XL: |  1  2  3  4  5  6  7  8  9 |
---------------+----------------------------+-----
Fighting       | 3 4 5 6 7 9 |  9.0
Armour         | 6 9 |  9.3
Shields        | |  2.6
Unarmed Combat | |  2.1

Action                   |  1- 3 |  4- 6 |  7- 9 || total
-------------------------+-------+-------+-------++-------
Melee: Unarmed           |    33 |       |       ||    33
       Club              |    46 |       |       ||    46
       Bite              |    13 |     9 |    35 ||    57
       Short sword       |    66 |       |       ||    66
       Spear             |    33 |    27 |       ||    60
       Hand axe          |       |   108 |   201 ||   309
Throw: Dart              |       |     4 |     3 ||     7
Invok: Ancestor Identity |     1 |       |       ||     1
       Ancestor Life: Ba |       |       |     1 ||     1
Evoke: Wand              |       |       |     8 ||     8
  Use: Scroll            |     3 |     5 |     7 ||    15
       Potion            |       |     2 |     3 ||     5
 Stab: Distracted        |       |       |     2 ||     2
Armor: Scale mail        |    81 |       |       ||    81
       Chain mail        |    14 |    84 |     1 ||    99
       Plate armour      |       |       |   153 ||   153
Dodge: Dodged            |    51 |    37 |    23 ||   111
Block: Shield            |    75 |    71 |    98 ||   244
